 Dungeon Crawl Stone Soup version 0.28.0-53-g5a82cb258f (webtiles) character file.

Game seed: 984542630830570999

132 Sin92 the Skirmisher (level 4, -1/52 HPs)
             Began as a Demonspawn Fighter on July 9, 2022.
             Slain by Terence
             ... wielding a +0 hand axe
              (4 damage)
             ... on level 3 of the Dungeon.
             The game lasted 00:03:45 (2327 turns).

Sin92 the Skirmisher (Demonspawn Fighter)           Turns: 2327, Time: 00:03:46

Health: -1/52      AC:  7    Str: 16    XL:     4   Next: 92%
Magic:  5/5        EV:  9    Int: 10    God:
Gold:   112        SH:  5    Dex: 14    Spells: 5/5 levels left

rFire   . . .      SeeInvis .   d - +3 short sword
rCold   . . .      Faith    .   c - +0 buckler
rNeg    . . .      Spirit   .   b - +0 scale mail
rPois   .          Reflect  .   (no helmet)
rElec   .          Harm     .   (no cloak)
rCorr   .          Rampage  .   k - +0 pair of gloves
Will    .....                   (no boots)
Stlth   ..........              (no amulet)
HPRegen 0.17/turn               (no ring)
MPRegen 0.18/turn               (no ring)

@: berserking, hasted, very quick
A: ignite blood 1, magic regeneration
a: no special abilities


You were on level 3 of the Dungeon.
You visited 1 branch of the dungeon, and saw 3 of its levels.

You collected 112 gold pieces.

Inventory:

Hand Weapons
 a - a +0 war axe
 d - a +3 short sword (weapon)
 f - a +0 short sword
Armour
 b - a +0 scale mail (worn)
 c - a +0 buckler (worn)
 k - a +0 pair of gloves (worn)
Jewellery
 l - an amulet of magic regeneration
Wands
 i - a wand of digging (4)
Scrolls
 g - 2 scrolls of identify
Potions
 e - a potion of brilliance
 h - a potion of haste
 j - a potion of lignification
 m - a potion of flight {unknown}
 n - a potion of berserk rage


   Skills:
 + Level 3.4 Fighting
 * Level 2.0 Short Blades
 - Level 1.7 Axes
 + Level 3.1 Armour
 + Level 1.1 Dodging
 + Level 1.3 Stealth
 + Level 3.1 Shields
 + Level 1.0 Spellcasting


You had 5 spell levels left.
You didn't know any spells.
Your spell library was empty.

Dungeon Overview and Level Annotations

Branches:
Dungeon (3/15)

Altars:

Shops:
D:1 (   D:2 [

Annotations:
D:3 Terence


Innate Abilities, Weirdness & Mutations

Your demonic aura sometimes causes spilled blood to erupt in flames.
You regenerate magic rapidly.


Message History

Terence misses you.
Unknown command.
You closely miss Terence.
Terence is moderately wounded.
Terence hits you but does no damage.
You hit Terence but do no damage.
Terence is moderately wounded.
Terence closely misses you. Terence hits you but does no damage.
You barely miss Terence.
Terence is moderately wounded.
Terence hits you with a +0 hand axe.
You puncture Terence!
Terence is severely wounded.
Terence hits you but does no damage.
You hit Terence but do no damage.
Terence is severely wounded.
Terence hits you with a +0 hand axe.
You barely miss Terence.
Terence is severely wounded.
Terence screams, "I'm going to kill you!"
Terence hits you with a +0 hand axe.
* * * LOW HITPOINT WARNING * * *
You hit Terence but do no damage.
Terence is severely wounded.
Terence bares his teeth.
Terence hits you with a +0 hand axe.
* * * LOW HITPOINT WARNING * * *
You barely miss Terence.
Terence is severely wounded.
Terence hits you with a +0 hand axe.
* * * LOW HITPOINT WARNING * * *
Unknown command.
It was a potion of haste.
You feel yourself speed up. Terence misses you.
It was a potion of berserk rage.
A red film seems to cover your vision as you go berserk!
You feel yourself moving faster!
You feel mighty!
You hit Terence.
Terence is almost dead.
Terence hits you with a +0 hand axe.
You die...

## .# #. .# # #.
.# .. #. .# ####
...##.#####.#..$..
........#.@.......
... #..$..@......$
...##...####...###
#.........#...#
#.........# ..#
#[........# ### .
####...####.# ...
#........#
#....####
####...######
#.....<.


You could see Terence.

Vanquished Creatures
  6 adders
  4 gnolls (D:3)
  A worm (D:2)
  4 bats
  3 endoplasms
  A giant cockroach (D:3)
  5 goblins
  2 hobgoblins
  2 quokkas (D:2)
  3 ball pythons
  5 kobolds
  2 rats
38 creatures vanquished.

Notes
Turn   | Place    | Note
-------+----------+-------------------------------------------
     0 | D:1      | Sin92 the Demonspawn Fighter began the quest for the Orb.
     0 | D:1      | Reached XP level 1. HP: 18/18 MP: 1/1
    37 | D:1      | Found Damniba's Weapon Boutique.
   165 | D:1      | Found a faded altar of an unknown god.
   242 | D:1      | Gained mutation: Your demonic aura sometimes causes spilled
                  | blood to erupt in flames. [demonic ancestry]
   242 | D:1      | Reached XP level 2. HP: 7/24 MP: 2/2
   243 | D:1      | HP: 1/24 [kobold/+3 short sword (6)]
  1396 | D:2      | Reached skill level 1 in Short Blades
  1489 | D:2      | Reached XP level 3. HP: 29/29 MP: 3/3
  1667 | D:2      | Found Sisepnogh's Armour Emporium.
  1912 | D:2      | Gained mutation: You regenerate magic rapidly. [demonic
                  | ancestry]
  1912 | D:2      | Reached XP level 4. HP: 34/35 MP: 5/5
  2177 | D:3      | Reached skill level 1 in Stealth
  2257 | D:3      | Reached skill level 1 in Dodging
  2270 | D:3      | Reached skill level 1 in Spellcasting
  2301 | D:3      | Noticed Terence
  2324 | D:3      | HP: 1/35 [Terence/+0 hand axe (4)]
  2327 | D:3      | Slain by Terence

Illustrated notes

Levels and vault maps discovered:
D:1:      nicolae_arrival_memento_mori, layout_loops_corners,
          dreamdust_ecumenical_altar_statues, serial_shops,
          nicolae_shop_bloodbath_and_beyond, nrook_loot_triangle
D:2:      kennysheep_six_static_rooms, layout_basic, serial_shops, shop
D:3:      layout_loops_cross, serial_shops, shop, kennysheep_small_spiral,
          minmay_goblin_outpost, uniq_terence

Skill      XL: |  1  2  3  4 |
---------------+-------------+-----
Short Blades   | 1 2 |  2.0
Armour         | 3 |  3.1
Shields        | 3 |  3.1
Stealth        | 1 |  1.3
Dodging        | 1 |  1.1
Spellcasting   | 1 |  1.0
Fighting       | |  3.4
Axes           | |  1.7

Action                   |  1- 3 |  4- 6 || total
-------------------------+-------+-------++-------
Melee: Short sword       |    87 |    54 ||   141
       War axe           |     2 |       ||     2
  Use: Scroll            |     5 |       ||     5
       Potion            |     2 |     3 ||     5
Armor: Scale mail        |    30 |    17 ||    47
       Skin              |       |    11 ||    11
Dodge: Dodged            |    34 |    18 ||    52
Block: Buckler           |    19 |     9 ||    28
